 Dungeon Crawl Stone Soup version 0.15-a0-429-gf5d7e11 (webtiles) character file.

188 4tharraofdagon the Insei (level 4, -1/26 HPs)
             Began as a Kobold Transmuter on May 6, 2014.
             Killed from afar by an orc wizard (3 damage)
             ... with a magic dart
             ... on Level 4 of the Dungeon.
             The game lasted 00:04:57 (1003 turns).

4tharraofdagon the Insei (Kobold Transmuter)        Turns: 1003, Time: 00:04:57

HP  -1/26        AC  2     Str 15      XL: 4   Next: 81%
MP   7/8         EV 16     Int 11      God:
Gold 100         SH  0     Dex 15      Spells:  1 memorised,  6 levels left

rFire  . . .     SeeInvis .       - Unarmed
rCold  . . .     Clarity  .     c - +0 robe
rNeg   . . .     Conserve .     (no shield)
rPois  .         rCorr    .     (no helmet)
rElec  .         rRot     .     (no cloak)
SustAb . .       Spirit   .     (no gloves)
rMut   .         Warding  .     (no boots)
Saprov + + .     Stasis   .     (no amulet)
MR     .....                    (no ring)
                                (no ring)

@: mighty, not resistant to hostile enchantments, very unstealthy
A: disease resistance, carnivore 3, saprovore 2
a: no special abilities


You were on level 4 of the Dungeon.
You were very full.

You visited 1 branch of the dungeon, and saw 4 of its levels.

You collected 100 gold pieces.

Inventory:

Hand weapons
 m - a +0 blowgun
Missiles
 b - 12 arrows
 n - 18 poisoned needles
Armour
 c - a +0 robe (worn)
Comestibles
 a - 4 meat rations
Scrolls
 e - 3 scrolls of identify {unknown}
 g - 2 scrolls of enchant weapon I {unknown}
 h - a scroll of blinking {unknown}
 k - a scroll of random uselessness {unknown}
 l - a scroll of enchant weapon II {unknown}
Potions
 o - a potion of haste {unknown}
Books
 d - a book of Changes

   Spells                             Type                      Level
   *Beastly Appendage                 Transmutation                1
   Sticks to Snakes                   Transmutation                2
   Spider Form                        Transmutation/Poison         3
   Ice Form                           Ice/Transmutation            4
   Blade Hands                        Transmutation                5


   Skills:
 + Level 1.9 Fighting
 + Level 3.2 Dodging
 * Level 4.1 Unarmed Combat
 + Level 2.3 Spellcasting
 + Level 2.0 Transmutations


You had 6 spell levels left.
You knew the following spells:

 Your Spells              Type           Power        Failure   Level  Hunger
a - Beastly Appendage     Trmt           #.....       14%         1    ##.....


Dungeon Overview and Level Annotations

Branches:
Dungeon (4/15)
 Temple: D:4-7

Altars:
Trog

Shops:
D:4 ?((


Innate Abilities, Weirdness & Mutations

You recuperate from illness quickly.
You are small and have problems with some larger weapons.
You are carnivorous and can eat meat at any time.
You can eat rotten meat.


Message History

Your Unarmed Combat skill increases to level 4!
Your Transmutations skill increases to level 2!
The orc wizard closely misses you.
Unknown command.
You closely miss the orc wizard. The orc wizard closely misses you.
The orc misses you.
The orc wizard points at you and mumbles some strange words.
The magic dart hits you!
* * * LOW HITPOINT WARNING * * *
Unknown command.
You hit the orc wizard.
The orc wizard is moderately wounded.
The orc wizard mumbles some strange words.
The orc wizard blinks!
Unknown command.
You punch the orc!
You kill the orc!
The orc wizard points at you and mumbles some strange words.
The magic dart hits you!
You die...

.∩. .. ...... ..#..#+##.#
..... .. ....∩... ..##...###
#. ......... ..#...#.######.
.........# #.#...#.....##.
.........# #.#...#.....##.
.........# #...........##.
.......∩..#####...........##.
#...o@§'........)..+..
########...(.......##.
#..............
#....o.......#.
#..............
#...........### #...........#
######+######


You could see an orc wizard and an orc.

Vanquished Creatures
  An orc wizard (D:4)
  3 adders
  3 giant geckos (D:3)
  An ooze (D:3)
  An orc (D:4)
  A ball python (D:3)
  A giant cockroach (D:3)
  3 goblins
  3 hobgoblins
  6 kobolds
  2 bats (D:2)
  A goblin skeleton (D:4)
  A quokka (D:3)
  4 rats
31 creatures vanquished.

Notes
Turn   | Place    | Note
--------------------------------------------------------------
     0 | D:1      | 4tharraofdagon, the Kobold Transmuter, began the quest for the Orb.
     0 | D:1      | Reached XP level 1. HP: 12/12 MP: 3/3
   137 | D:2      | Reached XP level 2. HP: 16/16 MP: 4/4
   151 | D:2      | Found a bloodstained altar of Trog.
   353 | D:2      | Reached XP level 3. HP: 8/20 MP: 6/6
   881 | D:3      | Reached XP level 4. HP: 13/26 MP: 7/7
   970 | D:4      | Found Etar Amp's Antique Weapon Shop.
   980 | D:4      | Found Bosiz's Magic Scroll Emporium.
   981 | D:4      | Found Afauloom's Weapon Boutique.
  1000 | D:4      | Reached skill level 4 in Unarmed Combat
  1003 | D:4      | Killed from afar by an orc wizard

Action                   |  1- 3 |  4- 6 || total
-------------------------+-------+-------++-------
Melee: Unarmed           |    98 |    22 ||   120
  Use: Potion            |     1 |     3 ||     4

Vault maps used:
D:1:      dpeg_arrival_solitude
D:2:      overflow_temple_1_default, serial_corexii_hall,
          corexii_hall_statues_deadend, corexii_hall_statues_t,
          corexii_hall_statues_l, corexii_hall_statues_l,
          corexii_hall_statues_l, corexii_hall_statues_s
D:3:      first_bread, kennysheep_potato
D:4:      minmay_temple_entry_large_hall, serial_shops, shop, shop, shop, shop,
          shop, nicolae_underground_beach, uniq_menkaure
